 Dungeon Crawl Stone Soup version 0.30-a0-696-g2367cd04db (webtiles) character file.

Game seed: 10930119318101660414

81 wormed the Firebug (level 4, -7/30 HPs)
             Began as a Demonspawn Fire Elementalist on Jan 20, 2023.
             Killed by nerve-wracking pain
             ... invoked by Menkaure
              (13 damage)
             ... on level 4 of the Dungeon.
             The game lasted 00:03:20 (2868 turns).

wormed the Firebug (Demonspawn Fire Elementalist)   Turns: 2868, Time: 00:03:20

Health: -7/30      AC:  8    Str:  8    XL:     4   Next: 19%
Magic:  2/7        EV: 11    Int: 19    God:
Gold:   131        SH:  3    Dex: 13    Spells: 2/8 levels left

rFire   . . .      SeeInvis .    c - +0 dagger
rCold   . . .      Faith    .    g - +0 buckler
rNeg    . . .      Spirit   .    a - +0 robe
rPois   .          Reflect  .    (no helmet)
rElec   .          Harm     .    (no cloak)
rCorr   .          Rampage  .    (no gloves)
Will    .....                    (no boots)
Stlth   ++                       (no amulet)
HPRegen 0.25/turn                (no ring)
MPRegen 0.10/turn                (no ring)

@: sanguine armoured
A: ignite blood 1, sanguine armour 1
a: no special abilities


You were on level 4 of the Dungeon.
You visited 1 branch of the dungeon, and saw 4 of its levels.

You collected 131 gold pieces.

Inventory:

Hand Weapons
 c - a +0 dagger (weapon)
Armour
 a - a +0 robe (worn)
 g - a +0 buckler (worn)
Jewellery
 o - an amulet of faith
Scrolls
 e - 3 scrolls of identify {unknown}
 f - 3 scrolls of fear {unknown}
 h - a scroll of noise {unknown}
 i - a scroll of silence {unknown}
 n - a scroll of acquirement {unknown}
 q - a scroll of vulnerability {unknown}
 r - a scroll of magic mapping {unknown}
Potions
 b - a potion of magic
 d - a potion of flight {unknown}
 j - a potion of heal wounds {unknown}
 k - a potion of might {unknown}
 l - 2 potions of brilliance {unknown}
 m - a potion of mutation {unknown}
 p - a potion of curing {unknown}


   Skills:
 - Level 1.7 Dodging
 - Level 1.7 Stealth
 + Level 0.7 Shields
 + Level 2.5 Spellcasting
 + Level 2.1 Conjurations
 + Level 1.4 Hexes
 + Level 3.2 Fire Magic


You had 2 spell levels left.
You knew the following spells:

 Your Spells              Type           Power      Damage    Failure   Level
a - Foxfire               Conj/Fire      48%        2x1d6     7%          1
b - Scorch                Fire           28%        2d6       9%          2
c - Inner Flame           Hex/Fire       11%        N/A       24%         3

Your spell library contained the following spells:

 Spells                   Type           Power      Damage    Failure   Level
 Magic Dart               Conj           40%        1d5       9%          1
 Beastly Appendage        Tmut           4%         N/A       22%         1
 Call Imp                 Summ           2%         N/A       32%         2
 Wereblood                Tmut           2%         N/A       32%         2
 Kindle Blastsparks       Fire/Tloc/Air  12%        2d11      38%         3
 Mephitic Cloud           Conj/Pois/Air  5%         N/A       43%         3
 Spider Form              Tmut/Pois      2%         N/A       54%         3
 Flame Wave               Conj/Fire      12%        2d6       56%         4


Dungeon Overview and Level Annotations

Branches:
Dungeon (4/15)
 Temple: D:4-7

Altars:

Annotations:
D:2 Sigmund
D:4 Menkaure


Innate Abilities, Weirdness & Mutations

Your demonic aura sometimes causes spilled blood to erupt in flames.
When seriously injured, your blood forms armour. (AC +6)


Message History

You miscast Scorch.
You are very lightly contaminated with residual magic.
Nothing appears to happen.
The orc shouts!
Casting: Scorch (safe; 9% risk of failure)
Confirm with . or Enter, or press ? or * to list all spells.
Flames lash the orc.
You kill the orc!
Your magical contamination has completely faded away.
Menkaure casts a spell.
Menkaure seems to speed up.
There is a stone staircase leading down here.
Casting: Scorch (safe; 9% risk of failure)
Confirm with . or Enter, or press ? or * to list all spells.
Flames lash Menkaure.
Menkaure is burned terribly!
Menkaure is moderately damaged.
Menkaure's fire resistance burns away.
Casting: Scorch (safe; 9% risk of failure)
Confirm with . or Enter, or press ? or * to list all spells.
Flames lash Menkaure.
Menkaure is burned terribly!
Menkaure is almost destroyed.
Menkaure calls on the powers of darkness!
Your body is wracked with pain!
Your blood congeals into armour.
Casting: Scorch (safe; 9% risk of failure)
Confirm with . or Enter, or press ? or * to list all spells.
You don't have enough magic to cast this spell.
Menkaure gestures at you while chanting.
Pain shoots through your body!
* * * LOW HITPOINT WARNING * * *
Menkaure calls on the powers of darkness!
Your body is wracked with pain!
* * * LOW HITPOINT WARNING * * *
Menkaure calls on the powers of darkness!
Your body is wracked with pain!
* * * LOW HITPOINT WARNING * * *
Menkaure is no longer more vulnerable to fire.
Menkaure blazes with dark energy!
Menkaure gestures at you while chanting.
Pain shoots through your body!
You die...

###### #.....
##########
#.####
#.M..@...#
#####...##
#.######<#
#.....#... #.#
#.####.###.#≈..
####M####
#......# #.#≈≈.
#.......#
######## ####≈≈
#.##.##.# ##≈ #
#.##.# ##
#....# ###..#


You could see Menkaure (fast).

Vanquished Creatures
  3 adders
  2 dart slugs (D:2)
  2 orcs
  2 endoplasms
  3 giant cockroaches
  3 goblins
  5 hobgoblins
  5 jackals
  4 quokkas (D:1)
  A ball python (D:3)
  A bat (D:2)
  9 frilled lizards (D:1)
  3 kobolds
  4 rats
47 creatures vanquished.

Vanquished Creatures (others)
  73 foxfires
73 creatures vanquished.

Grand Total: 120 creatures vanquished

Notes
Turn   | Place    | Note
-------+----------+-------------------------------------------
     0 | D:1      | wormed the Demonspawn Fire Elementalist began the quest for
                  | the Orb.
     0 | D:1      | Reached XP level 1. HP: 13/13 MP: 3/3
   275 | D:1      | Gained mutation: When seriously injured, your blood forms
                  | armour. (AC +6) [demonic ancestry]
   275 | D:1      | Reached XP level 2. HP: 15/19 MP: 0/5
   646 | D:1      | Learned a level 2 spell: Scorch
   705 | D:1      | Found a faded altar of an unknown god.
   788 | D:1      | Reached skill level 3 in Fire Magic
   820 | D:1      | Reached skill level 1 in Hexes
  1063 | D:2      | Reached XP level 3. HP: 13/24 MP: 2/6
  1132 | D:2      | Learned a level 3 spell: Inner Flame
  2061 | D:2      | Noticed Sigmund
  2230 | D:3      | Gained mutation: Your demonic aura sometimes causes spilled
                  | blood to erupt in flames. [demonic ancestry]
  2230 | D:3      | Reached XP level 4. HP: 30/30 MP: 2/7
  2836 | D:4      | Noticed Menkaure
  2868 | D:4      | Killed from afar by Menkaure

Illustrated notes

Levels and vault maps discovered:
D:1:      zelgadis_glass_arrival_small, layout_loops_cross,
          ebering_ecumenical_altar_webs, corexii_leaking_fountain,
          minmay_lizard_pond
D:2:      layout_basic, basic_altar, chequers_serial_rivers_small_b,
          chequers_serial_rivers_large_b, ebering_dispersal_statue_hall,
          uniq_sigmund
D:3:      layout_basic
D:4:      layout_loops_cross, kennysheep_nub, uniq_menkaure, uniq_robin

Skill      XL: |  1  2  3 |
---------------+----------+-----
Fire Magic     | 3 |  3.2
Hexes          | 1 |  1.4
Conjurations   | 2 |  2.1
Dodging        | |  1.7
Stealth        | |  1.7
Shields        | |  0.7
Spellcasting   | |  2.5

Action                   |  1- 3 |  4- 6 || total
-------------------------+-------+-------++-------
Melee: Dagger            |    23 |     9 ||    32
       Unarmed           |     1 |       ||     1
 Cast: Foxfire           |    46 |       ||    46
       Scorch            |    14 |    11 ||    25
Armor: Robe              |     7 |     3 ||    10
Dodge: Dodged            |    24 |     8 ||    32
Block: Buckler           |     7 |     1 ||     8

Table legend: (Time is in decaauts)
 A = Elapsed time spent in this place.
 B = Non-inter-level travel time spent in this place.
 C = Inter-level travel time spent in this place.
 D = Time resting spent in this place.
 E = Time spent auto-exploring this place.
 F = Levels seen in this place.
 G = Mean time per level.
                   A        B        C        D        E       F      G
               +--------+--------+--------+--------+--------+-----+--------+
         Total |   2918 |   2874 |     44 |      0 |   2419 |   4 |  729.5 |
       Dungeon |   2918 |   2874 |     44 |      0 |   2419 |   4 |  729.5 |
               +--------+--------+--------+--------+--------+-----+--------+

Top non-repeatable levels by time:
     D:2: 1070 daAuts
     D:1: 1052 daAuts
     D:3: 629 daAuts
     D:4: 166 daAuts
